 Dungeon Crawl Stone Soup version 0.22-a0-300-g82e80c5 (webtiles) character file.

80238 b5mith the Carver (level 15, 0/139 HPs)
             Began as a Minotaur Berserker on Mar 25, 2018.
             Was the Champion of Trog.
             Slain by a troll (8 damage)
             ... on level 1 of the Orcish Mines.
             The game lasted 01:24:28 (29168 turns).

b5mith the Carver (Minotaur Berserker)             Turns: 29168, Time: 01:24:29

Health: 0/139      AC: 19    Str: 31    XL:     15   Next: 23%
Magic:  0/4        EV: 14    Int:  4    God:    Trog [******]
Gold:   1431       SH:  0    Dex: 10    Spells: 14/14 levels left

rFire    . . .     SeeInvis .   a - +2 great sword (antimagic)
rCold    . . .     Gourm    .   (shield currently unavailable)
rNeg     . . .     Faith    .   S - +0 plate armour
rPois    .         Spirit   +   (helmet restricted)
rElec    .         Reflect  .   f - scarf {Spirit}
rCorr    .         Harm     .   O - +0 pair of gloves {Str+3}
MR       ++...                  (no boots)
Stlth    ..........             P - amulet of rage
HPRegen  0.33/turn              J - ring of protection from magic
MPRegen  0.09/turn              U - +1 ring of protection

@: berserk cooldown, very slightly contaminated, slowed, very slow
A: retaliatory headbutt, horns 2
a: Berserk, Trog's Hand, Brothers in Arms, Renounce Religion, Evoke Berserk Rage


You were on level 1 of the Orcish Mines.
You worshipped Trog.
Trog was exalted by your worship.
You were very hungry.

You visited 3 branches of the dungeon, and saw 23 of its levels.

You collected 2111 gold pieces.
You spent 680 gold pieces at shops.

Inventory:

Hand Weapons
 a - a +2 antimagic great sword (weapon)
 b - a +0 hunting sling
 C - a +2 great sword of electrocution
 V - a +2 antimagic triple sword
Missiles
 y - 63 sling bullets
Armour
 f - a scarf of spirit shield (worn)
 m - a +1 pair of gloves
 O - a +0 pair of gloves of strength (worn)
 S - a +0 plate armour (worn)
Jewellery
 o - an uncursed ring of poison resistance
 A - a +3 ring of strength {unknown}
 J - a ring of protection from magic (left hand)
 K - an uncursed ring of protection from cold
 P - an amulet of rage (around neck)
 U - a +1 ring of protection (right hand)
Wands
 e - a wand of polymorph (14)
 i - a wand of clouds (4)
 u - a wand of digging (34)
 B - a wand of acid (15)
 F - a wand of iceblast (24)
 Q - a wand of disintegration (13)
 R - a wand of random effects (14)
 W - a wand of paralysis (10)
Scrolls
 g - 2 scrolls of brand weapon {unknown}
 h - 11 scrolls of remove curse {@r2}
 l - 8 scrolls of teleportation
 p - a scroll of blinking
 q - 8 scrolls of identify {@r1}
 r - 4 scrolls of magic mapping
 s - 4 scrolls of immolation
 v - a scroll of torment {unknown}
 x - a scroll of fear {unknown}
 D - 3 scrolls of enchant armour
 G - 2 scrolls of holy word
 H - a scroll of summoning {unknown}
 I - 4 scrolls of fog
 L - 4 scrolls of enchant weapon {unknown}
 M - a scroll of vulnerability {unknown}
 Y - 2 scrolls of silence {unknown}
Potions
 d - a potion of resistance {unknown}
 j - 6 potions of curing {@q1}
 n - 3 potions of brilliance
 t - 5 potions of agility
 w - a potion of mutation {unknown}
 z - 4 potions of haste
 E - 4 potions of ambrosia
 N - 2 potions of lignification
 X - 2 potions of might {unknown}
 Z - a potion of heal wounds
Comestibles
 c - 34 rations
 k - a chunk of flesh


   Skills:
 + Level 14.6 Fighting
 + Level 14.6 Long Blades
 + Level 13.1 Slings
 + Level 14.5 Armour
 + Level 13.4 Dodging


You had 14 spell levels left.
You didn't know any spells.

Dungeon Overview and Level Annotations

Branches:
Dungeon (15/15)            Temple (0/1) D:4            Lair (6/6) D:9
  Swamp (0/4) Lair:2       Spider (0/4) Lair:4        Slime (0/5) Lair:6
    Orc (2/2) D:9             Elf (0/3) Orc:2        Vaults (0/5) D:14
 Depths (0/5) D:15

Altars:
Cheibriados
Qazlal
Beogh

Shops:
D:6 *   D:7 *   D:15 =   Orc:2 *

Annotations:
D:11 2 runed doors
Lair:6 exclusion: oklob plant


Innate Abilities, Weirdness & Mutations

You reflexively headbutt those who attack you in melee.
You have a pair of horns on your head.


Message History

You closely miss the troll. The troll misses you. You furiously retaliate!
You headbutt the troll, but do no damage.
The troll claws you!
* * * LOW HITPOINT WARNING * * *
The troll barely misses you.
Unknown command.
You slash the troll!
The troll is moderately wounded.
The troll barely misses you.
You riposte.
You barely miss the troll. You headbutt the troll.
The troll is heavily wounded.
The troll claws you.
* * * LOW HITPOINT WARNING * * *
The troll barely misses you. The orc priest hits you with a flail.
* * * LOW HITPOINT WARNING * * *
The troll completely misses you.
You riposte.
You barely miss the troll.
The troll is heavily wounded.
The troll claws you but does no damage. The troll claws you!
You die...

.........#...........##PP.PP###..
.........##.......o..###P≈P≈##.#.
..........##.#..#....##≈≈...##...
...........##.^.#....##...≈.##...
......##..####.###...#..###.###..
.......#...# #####..##..##...##..
#.......#.## ##.)..##.####..##..
........### #.To.##..# #..###.
.........# ##@..#..## ##.#.#.
##....#.## #.......# #......
##....### ##......## ###....
.##...## #.....### ###.. ####...#
##...#.## ##.. # ##.## #.......#
##.#. ### ###...#.## #....
##....#### ##... #....## ##..


You could see a troll and an orc priest.

Vanquished Creatures
  A juggernaut zombie (D:15)
  A stone giant (Orc:1)
  Snorg (D:14)
  6 hydras
  Fannar (D:11)
  5 vault guards (D:14)
  2 centaur warriors
  2 death knights
  4 two-headed ogres
  An ogre mage (Orc:2)
  Urug (Lair:5)
  6 skeletal warriors (D:15)
  A deep elf archer (D:14)
  A flayed ghost (D:15)
  2 wizards (D:15)
  2 deep trolls
  Pikel (D:7)
  A necromancer (D:15)
  6 cyclopes
  5 deep elf magi
  2 wolf spiders
  4 ugly things (D:15)
  2 orc sorcerers
  A manticore (D:14)
  A stone giant skeleton (D:15)
  A guardian serpent (Lair:6)
  An elephant (Lair:1)
  7 centaur zombies
  12 spiny frogs
  Maurice (D:9)
  5 centaur skeletons
  3 gargoyles
  9 black mambas (Lair:6)
  A yaktaur (D:14)
  A freezing wraith (D:14)
  A yaktaur zombie (D:15)
  2 kobold demonologists (D:11)
  5 komodo dragons
  3 rime drakes
  A tengu conjurer (D:14)
  7 trolls
  A guardian mummy (D:15)
  3 meliai (D:15)
  A merfolk (D:10)
  A polar bear (Lair:6)
  4 hornets
  11 hippogriffs
  6 dream sheep (Lair:6)
  8 blink frogs
  A deep troll zombie (D:15)
  A vampire (D:12)
  3 shadows
  A centaur simulacrum (D:14)
  3 redbacks (Lair:6)
  11 wyverns
  A fire bat (shapeshifter) (D:15)
  3 basilisks
  33 yaks
  3 vampire mosquitoes (D:13)
  3 hungry ghosts
  5 wargs (Orc:1)
  A soldier ant (D:13)
  16 water moccasins
  12 porcupines
  2 hell hounds (Lair:2)
  An eye of draining (D:12)
  11 orc warriors
  A necrophage (D:9)
  A slave (D:7)
  5 ice beasts
  5 sky beasts
  17 ogres
  17 wolves
  9 centaurs
  7 phantoms
  7 crocodiles
  12 bullfrogs
  A gnoll sergeant (D:9)
  A wyvern skeleton (D:14)
  3 scorpions
  16 killer bees
  10 wights (D:15)
  5 electric eels
  7 crimson imps
  A quasit (D:13)
  A wyvern simulacrum (D:14)
  2 bullfrog zombies (D:12)
  9 orc priests
  8 hounds
  14 jellies
  27 orc wizards
  11 worker ants
  5 iguanas
  2 hound zombies
  3 hound skeletons
  3 worker ant zombies (D:11)
  9 gnolls
  A howler monkey skeleton (D:8)
  8 adders
  5 shadow imps
  3 oozes (Lair:6)
  2 adder zombies
  2 adder skeletons
  A worm (D:4)
  A dart slug (D:1)
  7 leopard geckos
  75 orcs
  A ball python (D:3)
  5 bats
  7 giant cockroaches
  7 goblins
  6 hobgoblins
  6 jackals
  6 quokkas
  A frilled lizard (D:4)
  A jackal skeleton (D:6)
  10 kobolds
  A leopard gecko zombie (D:7)
  A quokka skeleton (D:7)
  5 rats
  A plant (Lair:5)
648 creatures vanquished.

Vanquished Creatures (others)
  A giant cockroach (D:7)
  16 fungi (Lair:6)
  34 plants (Lair:6)
  4 withered plants (D:15)
55 creatures vanquished.

Grand Total: 703 creatures vanquished

Notes
Turn   | Place    | Note
-------+----------+-------------------------------------------
     0 | D:1      | b5mith the Minotaur Berserker began the quest for the Orb.
     0 | D:1      | Reached XP level 1. HP: 19/19 MP: 0/0
   143 | D:1      | Reached XP level 2. HP: 17/27 MP: 1/1
   592 | D:1      | Reached ** piety under Trog
  1037 | D:2      | Found a stormy altar of Qazlal.
  1090 | D:2      | Reached XP level 3. HP: 33/33 MP: 2/2
  2228 | D:4      | Reached skill level 1 in Slings
  2228 | D:4      | Reached XP level 4. HP: 41/41 MP: 3/3
  2306 | D:4      | Noticed an ogre
  2319 | D:4      | Killed an ogre
  2319 | D:4      | Reached XP level 5. HP: 31/47 MP: 4/4
  2599 | D:4      | Noticed a phantom
  2626 | D:4      | Killed a phantom
  2626 | D:4      | Reached skill level 5 in Fighting
  2626 | D:4      | Reached XP level 6. HP: 43/56 MP: 5/5
  2651 | D:4      | Reached skill level 5 in Long Blades
  2991 | D:4      | Reached *** piety under Trog
  3330 | D:4      | Found a staircase to the Ecumenical Temple.
  3401 | D:5      | Entered Level 5 of the Dungeon
  3526 | D:5      | Noticed a sky beast
  3536 | D:5      | Killed a sky beast
  3536 | D:5      | Reached XP level 7. HP: 54/61 MP: 6/6
  3658 | D:5      | Found a snail-covered altar of Cheibriados.
  3742 | D:5      | Reached skill level 5 in Armour
  4282 | D:6      | Reached skill level 5 in Dodging
  4282 | D:6      | Reached XP level 8. HP: 37/70 MP: 7/7
  4866 | D:6      | Found Nudued's Assorted Antiques.
  5612 | D:7      | Found Tailekem's General Store.
  5636 | D:7      | Reached **** piety under Trog
  5699 | D:7      | Reached skill level 5 in Slings
  5829 | D:7      | Found the +6 lightning scales {run, rElec}
  5973 | D:7      | Noticed Pikel
  5995 | D:7      | Killed Pikel
  5995 | D:7      | Reached XP level 9. HP: 32/79 MP: 8/8
  7322 | D:9      | Found a staircase to the Orcish Mines.
  7364 | D:9      | Noticed Maurice
  7379 | D:9      | Killed Maurice
  7403 | D:9      | Reached XP level 10. HP: 39/90 MP: 9/9
  7421 | D:8      | Reached ***** piety under Trog
  8704 | D:9      | Found a staircase to the Lair.
  8936 | D:10     | Entered Level 10 of the Dungeon
  9136 | D:10     | Noticed a deep elf mage
  9157 | D:10     | Killed a deep elf mage
  9231 | D:10     | HP: 1/91 [troll (8)]
  9579 | D:10     | Paralysed by a hornet for 2 turns
 10144 | D:11     | Found a runed door.
 10147 | D:11     | Noticed an ice dragon
 10148 | D:11     | Found the +2 shield of Resistance {rF+ rC+ MR+}
 10148 | D:11     | Noticed a fire dragon
 10149 | D:11     | Noticed a fire dragon
 10149 | D:11     | Noticed an ice dragon
 10169 | D:11     | Received a gift from Trog
 10281 | D:11     | Found a runed door.
 10344 | D:11     | Noticed Fannar
 10352 | D:11     | Reached XP level 11. HP: 89/99 MP: 6/10
 10369 | D:11     | Killed Fannar
 10369 | D:11     | Reached skill level 10 in Fighting
 10394 | D:11     | Reached skill level 10 in Long Blades
 10402 | D:11     | HP: 4/99 [cyclops (23)]
 10919 | D:11     | Received a gift from Trog
 11149 | D:11     | Reached skill level 10 in Armour
 12353 | D:12     | Received a gift from Trog
 12901 | D:12     | Noticed a deep elf mage
 12914 | D:12     | Killed a deep elf mage
 12914 | D:12     | Received a gift from Trog
 13539 | D:12     | Reached skill level 10 in Dodging
 13539 | D:12     | Reached XP level 12. HP: 99/110 MP: 9/11
 14224 | D:13     | Received a gift from Trog
 14327 | D:13     | Noticed a two-headed ogre
 14344 | D:13     | Killed a two-headed ogre
 14344 | D:13     | Reached skill level 10 in Slings
 14526 | D:13     | Noticed a centaur warrior
 14534 | D:13     | Killed a centaur warrior
 14864 | D:13     | Noticed a death knight
 14879 | D:13     | Killed a death knight
 15336 | D:14     | Noticed a vault guard
 15360 | D:14     | Noticed a vault guard
 15461 | D:14     | Noticed Snorg
 15479 | D:14     | HP: 7/166 [Snorg (15)]
 15482 | D:14     | HP: 2/166 [Snorg (4)]
 15483 | D:14     | Killed Snorg
 15485 | D:14     | Reached ****** piety under Trog
 16052 | D:14     | Noticed a centaur warrior
 16416 | D:14     | Killed a vault guard
 16687 | D:14     | Noticed a vault guard
 16709 | D:14     | Killed a vault guard
 16820 | D:14     | Paralysed by an orc sorcerer for 2 turns
 16899 | D:14     | Killed a centaur warrior
 17237 | D:14     | Reached XP level 13. HP: 96/118 MP: 12/12
 17494 | D:14     | Found a gate to the Vaults.
 17554 | D:15     | Entered Level 15 of the Dungeon
 17730 | D:15     | Received a gift from Trog
 17956 | D:15     | HP: 4/119 [death knight/morningstar (19)]
 18395 | D:15     | Found Ysuruzirch's Jewellery Boutique.
 18468 | D:15     | Bought an uncursed amulet of rage for 680 gold pieces
 18845 | D:15     | Found a staircase to the Depths.
 20637 | Lair:1   | Entered Level 1 of the Lair of Beasts
 20860 | Lair:1   | Reached XP level 14. HP: 114/129 MP: 11/13
 21085 | Lair:1   | Received a gift from Trog
 22191 | Lair:2   | Found a staircase to the Swamp.
 22468 | Lair:2   | Found a dark tunnel.
 23945 | Lair:4   | Received a gift from Trog
 24236 | Lair:4   | Found a hole to the Spider Nest.
 24721 | Lair:5   | Noticed Urug
 24748 | Lair:5   | Killed Urug
 25428 | Lair:6   | Entered Level 6 of the Lair of Beasts
 26424 | Lair:6   | Received a gift from Trog
 26865 | Lair:6   | Found a staircase to the Slime Pits.
 26921 | Lair:6   | Received a gift from Trog
 27370 | Lair:6   | Reached XP level 15. HP: 139/139 MP: 4/14
 27813 | Orc:1    | Entered Level 1 of the Orcish Mines
 27827 | Orc:1    | Found a roughly hewn altar of Beogh.
 28913 | Orc:2    | Entered Level 2 of the Orcish Mines
 28914 | Orc:2    | Found Ycowky's General Store.
 29016 | Orc:2    | Found a staircase to the Elven Halls.
 29165 | Orc:1    | Received a gift from Trog
 29168 | Orc:1    | Slain by a troll

Vault maps used:
D:1:      nzn_arrival_depleted_hourglass
D:2:      grunt_qazlal_clouds
D:3:      hangedman_decor_opposing
D:4:      minmay_temple_entry_poolview, hangedman_decor_push
D:5:      old_standard_altar, first_ration
D:6:      kennysheep_spiral_hall, serial_shops, nicolae_shop_crystal
D:7:      serial_shops, shop, minivault_1, uniq_pikel
D:9:      erik_lair_island, serial_glass, glass_columns_a, glass_columns_b,
          uniq_maurice
D:10:     serial_column_ruins, column_ruins_open_small, column_ruins_grid_1,
          column_ruins_corridor_straight, column_ruins_corridor_straight,
          column_ruins_open_tiny, column_ruins_columns_dead_end,
          hangedman_stone_soup
D:11:     minmay_guarded_unrand_resistance, uniq_fannar
D:14:     grunt_vaults_entry_fortified, minmay_misc_feat_hallway, uniq_snorg
D:15:     gammafunk_depths_entry_grave, serial_shops, shop
Lair:1:   infiniplex_staircase_pool, lemuel_fruit_tree, wad_woods_river_01
Lair:2:   swamp_mist, enter_volcano_3, lemuel_fruit_fields
Lair:3:   beast_lair_carwin_10, grunt_megastairs_2
Lair:4:   spider_nest_entry_a, infiniplex_staircase_pool_2, lemuel_fruit_fields
Lair:5:   uniq_urug
Lair:6:   hangedman_lair_tendril_chambers, minmay_slime_entry_jelly_boxes,
          minmay_lair_oklob_bushes, serial_bayou_shore_b, serial_bayou_shore_b
Orc:1:    cheibrodos_orc_guarddog, basic_altar, nicolae_orc_damp_corner
Orc:2:    st_orc_open, serial_shops, nicolae_shop_statue_plus,
          small_statue_alley_c

Skill      XL: |  1  2  3  4  5  6  7  8  9 10 11 12 13 14 15 |
---------------+----------------------------------------------+-----
Fighting       | 4 5 6 7 8 9 11 12 13 14 | 14.6
Long Blades    | 4 5 6 7 8 9 11 12 13 14 | 14.6
Armour         | 3 4 5 7 8 9 10 12 13 14 | 14.5
Slings         | 1 2 3 4 5 6 8 9 10 11 12 13 | 13.1
Dodging        | 3 4 5 6 7 8 10 11 12 13 | 13.4

Action                   |  1- 3 |  4- 6 |  7- 9 | 10-12 | 13-15 || total
-------------------------+-------+-------+-------+-------+-------++-------
Melee: Falchion          |    39 |    71 |   233 |   518 |       ||   861
       Headbutt          |     5 |     9 |    49 |   178 |   146 ||   387
       Hunting sling     |       |     3 |       |       |       ||     3
       Unarmed           |       |       |       |     4 |       ||     4
       Triple sword      |       |       |       |    81 |       ||    81
       Great sword       |       |       |       |    35 |   516 ||   551
 Fire: Hunting sling     |    54 |    59 |   178 |   361 |   691 ||  1343
Invok: Berserk           |       |     1 |     3 |    13 |    10 ||    27
Evoke: Wand              |       |       |       |     4 |       ||     4
  Use: Scroll            |       |     4 |     6 |     5 |    10 ||    25
       Potion            |       |     2 |       |     4 |     1 ||     7
  Eat: Chunk             |     4 |     5 |    13 |    25 |    30 ||    77
       Ration            |       |       |     1 |     6 |     4 ||    11
Armor: Scale mail        |    17 |    30 |    84 |   183 |       ||   314
       Plate armour      |       |       |       |    51 |   321 ||   372
Dodge: Dodged            |    37 |    38 |   178 |   461 |   429 ||  1143
       Rpst.: Falchion   |     6 |    10 |    36 |    92 |       ||   144
       Triple sword      |       |       |       |    10 |       ||    10
       Great sword       |       |       |       |     1 |    92 ||    93

Table legend:
 A = Spawn XP
 B = Non-spawn XP
 C = Spawn XP percentage of total XP
 D = Spawn monster count
 E = Non-spawn monster count
 F = Spawn count percentage of total count
 G = Total turns spent on level
                    A         B        C        D         E        F      G
               +---------+---------+-------+---------+---------+-------+---------
         Total |       0 |  114627 |   0.0 |       0 |     646 |   0.0 | 29168
               +---------+---------+-------+---------+---------+-------+---------
           D:1 |       0 |      40 |   0.0 |       0 |      22 |   0.0 |  1017
           D:2 |       0 |      31 |   0.0 |       0 |      12 |   0.0 |   760
           D:3 |       0 |      16 |   0.0 |       0 |       9 |   0.0 |   427
           D:4 |       0 |     583 |   0.0 |       0 |      22 |   0.0 |  1197
           D:5 |       0 |     538 |   0.0 |       0 |      14 |   0.0 |   766
           D:6 |       0 |     472 |   0.0 |       0 |      18 |   0.0 |   819
           D:7 |       0 |    1734 |   0.0 |       0 |      36 |   0.0 |  1571
           D:8 |       0 |    1305 |   0.0 |       0 |      13 |   0.0 |  1470
           D:9 |       0 |    2980 |   0.0 |       0 |      45 |   0.0 |   977
          D:10 |       0 |    2704 |   0.0 |       0 |      31 |   0.0 |  1172
          D:11 |       0 |    5504 |   0.0 |       0 |      45 |   0.0 |  1971
          D:12 |       0 |    6531 |   0.0 |       0 |      42 |   0.0 |  2070
          D:13 |       0 |    6827 |   0.0 |       0 |      41 |   0.0 |  1505
          D:14 |       0 |   13651 |   0.0 |       0 |      30 |   0.0 |  1950
          D:15 |       0 |   19084 |   0.0 |       0 |      47 |   0.0 |  2996
        Lair:1 |       0 |    6813 |   0.0 |       0 |      23 |   0.0 |  1421
        Lair:2 |       0 |    2491 |   0.0 |       0 |       8 |   0.0 |   781
        Lair:3 |       0 |    4507 |   0.0 |       0 |      22 |   0.0 |  1059
        Lair:4 |       0 |    2498 |   0.0 |       0 |      12 |   0.0 |   719
        Lair:5 |       0 |    3842 |   0.0 |       0 |      16 |   0.0 |   921
        Lair:6 |       0 |   21120 |   0.0 |       0 |      89 |   0.0 |  2244
         Orc:1 |       0 |    5109 |   0.0 |       0 |      28 |   0.0 |  1111
         Orc:2 |       0 |    6247 |   0.0 |       0 |      21 |   0.0 |   244
               +---------+---------+-------+---------+---------+-------+---------
